[Event "EWCCC Online Preliminary-C 2020"]
[Site "Online"]
[Date "2020.12.19"]
[Round "2.1"]
[White "Broly, Mathilde"]
[Black "Hrenic, Misa"]
[Result "0-1"]
[ECO "A37"]
[WhiteElo "2150"]
[BlackElo "2020"]
[Annotator "NA"]
[PlyCount "79"]
[EventDate "2020.12.19"]
[EventType "team-tourn"]
[EventCountry "NET"]
[SourceTitle "playchess.com"]
[Source "ChessBase"]
[SourceQuality "1"]
[TimeControl "900+5"]

1. c4 c5 2. g3 Nc6 3. Bg2 g6 4. Nf3 Bg7 $11 5. O-O e5 6. Nc3 Nge7 7. Ne1 d6 8. Nc2 Be6 9. Ne3 O-O 10. a3 Rb8 11. Rb1 a5 12. d3 Nd4 13. Ned5 h6 14. e3 Ndc6 15. Bd2 Bxd5 16. Nxd5 Nxd5 17. Bxd5 Ne7 18. Bg2 b5 19. cxb5 Rxb5 20. Qa4 Qb6 21. b4 axb4 22. axb4 Rb8 23. bxc5 Qxc5 24. Rbc1 Qb6 25. Bc3 Nd5 26. Ba1 Nb4 27. d4 exd4 28. exd4 Bxd4 29. Bxd4 Qxd4 30. Rc7 Qb6 31. Rd7 Rf5 32. Be4 Rf6 33. Qb3 Qd4 34. Bxg6 Nc6 35. Bxf7+ Kh8 36. Rb7 Rf8 37. Qc4 R6xf7 38. Qxc6 Rxf2 39. Rh7+ Kxh7 40. Qb7+ 0-1

[Event "EWCCC Online Preliminary-C 2020"]
[Site "Online"]
[Date "2020.12.19"]
[Round "2.1"]
[White "Nicoara, Malina"]
[Black "Heric, Meta"]
[Result "1/2-1/2"]
[ECO "D53"]
[WhiteElo "2066"]
[BlackElo "1318"]
[Annotator "NA"]
[PlyCount "93"]
[EventDate "2020.12.19"]
[EventType "team-tourn"]
[EventCountry "NET"]
[SourceTitle "playchess.com"]
[Source "ChessBase"]
[SourceQuality "1"]
[TimeControl "900+5"]

1. d4 d5 2. c4 e6 3. Nc3 Nf6 4. cxd5 exd5 5. Bg5 Be7 6. e3 b6 7. Bd3 Bb7 8. Nf3 Nbd7 9. Qc2 h6 10. Bf4 c5 11. dxc5 bxc5 12. O-O O-O 13. Rfd1 Nh5 14. Bg3 Nxg3 15. hxg3 Nf6 16. Rac1 Rc8 17. Bf5 Rb8 18. b3 Ba6 19. Ne2 Bxe2 20. Qxe2 Qd6 21. e4 Qc6 22. e5 Ne4 23. Bxe4 dxe4 24. Nd2 Rb4 25. Nc4 f5 26. Rc2 f4 27. gxf4 Rxf4 28. Qd2 Rg4 29. Qd7 Qxd7 30. Rxd7 Bh4 31. Rxa7 Rb8 32. Ne3 Rg5 33. g3 Rf8 34. Kg2 Rg6 35. Rxc5 Bg5 36. Rcc7 Bxe3 37. fxe3 Rf3 38. e6 Rfxg3+ 39. Kh2 Rg2+ 40. Kh1 Rg1+ 41. Kh2 R6g2+ 42. Kh3 Rg3+ 43. Kh2 R1g2+ 44. Kh1 Rg1+ 45. Kh2 R1g2+ 46. Kh1 Rg1+ 47. Kh2 1/2-1/2

[Event "EWCCC Online Preliminary-C 2020"]
[Site "Online"]
[Date "2020.12.19"]
[Round "2.1"]
[White "Mihevc-Mohr, Narcisa"]
[Black "Moingt, Anne"]
[Result "0-1"]
[ECO "B80"]
[WhiteElo "1974"]
[BlackElo "2076"]
[Annotator "NA"]
[PlyCount "98"]
[EventDate "2020.12.19"]
[EventType "team-tourn"]
[EventCountry "NET"]
[SourceTitle "playchess.com"]
[Source "ChessBase"]
[SourceQuality "1"]
[TimeControl "900+5"]

1. e4 c5 2. Nf3 d6 3. d4 cxd4 4. Nxd4 Nf6 5. Nc3 e6 6. g3 Nc6 7. Bg2 Bd7 8. O-O Be7 9. Nb3 O-O 10. Be3 Ne5 11. Qe2 Qc7 12. Rad1 Nc4 13. Bc1 Rac8 14. g4 h6 15. f4 Nh7 16. Kh1 b5 17. Qf3 b4 18. Ne2 Bc6 19. Ned4 Ba8 20. Qh3 a5 21. Nf3 Bxe4 22. Nbd4 Qc5 23. g5 hxg5 24. Nxe6 Bf5 25. Nxc5 Bxh3 26. Bxh3 Rxc5 27. fxg5 Nxg5 28. Nxg5 Bxg5 29. Bxg5 Rxg5 30. Rd4 Nxb2 31. Rxd6 Nc4 32. Rd7 Ne5 33. Re7 Rd8 34. Ra7 Rd2 35. Re7 f6 36. Re8+ Kf7 37. Rb8 Rh5 38. Rb7+ Kf8 39. Bg2 Ng4 40. h3 Rxg2 41. Kxg2 Ne3+ 42. Kf2 Nxf1 43. Kxf1 Rxh3 44. Rb5 Ra3 45. Ke1 Rxa2 46. Kd1 Kf7 47. Kc1 g5 48. Kb1 Ra3 49. Kb2 Kg6 0-1

[Event "EWCCC Online Preliminary-C 2020"]
[Site "Online"]
[Date "2020.12.19"]
[Round "2.2"]
[White "Thode, Gilda"]
[Black "Kalaiyalahan, Akshaya"]
[Result "1/2-1/2"]
[ECO "A48"]
[WhiteElo "1987"]
[BlackElo "2149"]
[Annotator "NA"]
[PlyCount "72"]
[EventDate "2020.12.19"]
[EventType "team-tourn"]
[EventCountry "NET"]
[SourceTitle "playchess.com"]
[Source "ChessBase"]
[SourceQuality "1"]
[TimeControl "900+5"]

1. d4 Nf6 2. Nf3 g6 3. Bg5 Bg7 4. Nbd2 O-O 5. e4 d5 6. e5 Ne4 7. Bh4 c5 8. c3 Nc6 9. Bb5 Nxd2 10. Qxd2 Bg4 11. Bxc6 bxc6 12. Qf4 Bxf3 13. Qxf3 Qb6 14. Bxe7 Qxb2 15. O-O cxd4 16. cxd4 Rfb8 17. Qe3 Rb5 18. Ba3 Qc2 19. Rac1 Qxa2 20. Rxc6 Rb3 21. Rc3 Rab8 22. Bd6 Rxc3 23. Qxc3 Rd8 24. Ra1 Qe2 25. h3 h5 26. Rxa7 Qd1+ 27. Kh2 Rxd6 28. Qc8+ Kh7 29. exd6 Qxd4 30. Rxf7 Qe5+ 31. g3 Qxd6 32. Qb7 Qe5 33. Re7 Qf6 34. Rf7 Qe5 35. Re7 Qf6 36. Rf7 Qe5 1/2-1/2

[Event "EWCCC Online Preliminary-C 2020"]
[Site "Online"]
[Date "2020.12.19"]
[Round "2.2"]
[White "Jaufarally, Nadia"]
[Black "Kurapova, Olga"]
[Result "1-0"]
[ECO "C54"]
[WhiteElo "1905"]
[BlackElo "1927"]
[Annotator "NA"]
[PlyCount "81"]
[EventDate "2020.12.19"]
[EventType "team-tourn"]
[EventCountry "NET"]
[SourceTitle "playchess.com"]
[Source "ChessBase"]
[SourceQuality "1"]
[TimeControl "900+5"]

1. e4 e5 2. Nf3 Nc6 3. Bc4 Bc5 4. d3 Nf6 5. c3 a6 6. Bb3 d6 7. h3 h6 8. O-O O-O 9. Re1 Re8 10. Nbd2 Be6 11. Bc2 d5 12. exd5 Bxd5 13. Ne4 Nxe4 14. dxe4 Be6 15. Qe2 Qe7 16. Nh2 Qf6 17. Be3 Bxe3 18. Qxe3 Rad8 19. b3 g5 20. Bd1 Qg6 21. Bg4 h5 22. Bxe6 Rxe6 23. Nf1 Red6 24. Ng3 Rd3 25. Qc5 b6 26. Qc4 R8d7 27. Nf5 Qf6 28. Ne3 Na5 29. Qxa6 Rd2 30. Re2 Rxe2 31. Qxe2 Qg6 32. Nd5 Nc6 33. Rd1 Kg7 34. f3 f6 35. Ne3 Rxd1+ 36. Qxd1 Qf7 37. Qd5 Qe8 38. Nf5+ Kg6 39. Qxc6 Qd8 40. Kh2 Kf7 41. Qd5+ 1-0

[Event "EWCCC Online Preliminary-C 2020"]
[Site "Online"]
[Date "2020.12.19"]
[Round "2.3"]
[White "Schoene, Maria"]
[Black "Gretarsdottir, Lilja"]
[Result "1-0"]
[ECO "B81"]
[WhiteElo "2204"]
[BlackElo "1984"]
[Annotator "NA"]
[PlyCount "73"]
[EventDate "2020.12.19"]
[EventType "team-tourn"]
[EventCountry "NET"]
[SourceTitle "playchess.com"]
[Source "ChessBase"]
[SourceQuality "1"]
[TimeControl "900+5"]

1. e4 c5 2. Nf3 d6 3. d4 cxd4 4. Nxd4 Nf6 5. Nc3 e6 6. g4 Be7 7. g5 Nfd7 8. h4 a6 9. Be3 b5 10. a3 Bb7 11. Qe2 Nc6 12. Nxc6 Bxc6 13. O-O-O Rc8 14. f4 Qa5 15. Bg2 b4 16. axb4 Qa1+ 17. Nb1 Bb5 18. Qg4 Qa4 19. Rd2 Qxb4 20. h5 Nc5 21. Bxc5 Rxc5 22. Rh3 a5 23. g6 Bf6 24. c3 Qa4 25. Rxd6 hxg6 26. hxg6 Rxh3 27. gxf7+ Kxf7 28. Qxe6+ Kf8 29. Qxh3 Bc4 30. e5 Be7 31. Rd4 Qb3 32. Be4 a4 33. Qh8+ Kf7 34. Rd7 Be2 35. Qh4 Rb5 36. Qxe7+ Kg8 37. Qxg7# 1-0

[Event "EWCCC Online Preliminary-C 2020"]
[Site "Online"]
[Date "2020.12.19"]
[Round "2.4"]
[White "Gara, Ticia"]
[Black "Dordzhieva, Dinara"]
[Result "0-1"]
[ECO "B81"]
[WhiteElo "2383"]
[BlackElo "2352"]
[Annotator "NA RC"]
[PlyCount "100"]
[EventDate "2020.12.19"]
[EventType "team-tourn"]
[EventCountry "NET"]
[SourceTitle "playchess.com"]
[Source "ChessBase"]
[SourceQuality "1"]
[TimeControl "900+5"]

1. e4 c5 2. Nf3 d6 3. d4 cxd4 4. Nxd4 Nf6 5. Nc3 a6 6. h3 e6 7. g4 h6 8. Bg2 g5 9. b3 Nbd7 10. Qd2 Ne5 11. Bb2 b5 12. O-O-O Bb7 13. f3 Rc8 14. Kb1 Be7 15. Nce2 Qc7 16. Nc1 d5 17. f4 gxf4 18. Qxf4 dxe4 19. c4 Nf3 20. Qxc7 Rxc7 21. cxb5 axb5 22. Nxb5 Rd7 23. Rxd7 Kxd7 24. Rd1+ Bd5 25. Nc3 Rc8 26. Nxe4 Nxe4 27. Bxf3 Ke8 28. Ne2 Bg5 29. Ka1 Nf2 30. Rf1 Bxf3 31. Rxf2 Be4 32. Nc3 Bg6 33. a4 f5 34. Nb5 Rc5 35. Bd4 Rc1+ 36. Kb2 fxg4 37. hxg4 Rb1+ 38. Kc3 Bd8 39. Nd6+ Kd7 40. Nc4 Be4 41. Rh2 Rc1+ 42. Kb2 Rb1+ 43. Kc3 Rc1+ 44. Kb4 Be7+ 45. Bc5 Bg5 46. a5 Ra1 47. Ne5+ Kc7 48. Bb6+ Kb7 49. Rg2 Bxg2 50. Nc4 Be7+ 0-1

[Event "EWCCC Online Preliminary-C 2020"]
[Site "Online"]
[Date "2020.12.19"]
[Round "3.1"]
[White "Heric, Meta"]
[Black "Gara, Ticia"]
[Result "0-1"]
[ECO "B23"]
[WhiteElo "1318"]
[BlackElo "2383"]
[Annotator "NA RC"]
[PlyCount "88"]
[EventDate "2020.12.19"]
[EventType "team-tourn"]
[EventCountry "NET"]
[SourceTitle "playchess.com"]
[Source "ChessBase"]
[SourceQuality "1"]
[TimeControl "900+5"]

1. e4 c5 2. Nc3 Nc6 3. f4 g6 4. Nf3 Bg7 5. Bb5 Nd4 6. O-O Nxb5 7. Nxb5 d6 8. Nc3 Nf6 9. d3 O-O 10. Qe1 e6 11. e5 Ne8 12. Qg3 d5 13. Nh4 f5 14. Qh3 Nc7 15. g4 b6 16. Kf2 d4 17. Ne2 Bb7 18. Rg1 Qd5 19. gxf5 exf5 20. Rg3 Ne6 21. Bd2 Rac8 22. Rag1 c4 23. Nf3 cxd3 24. cxd3 Rc2 25. Qf1 Rfc8 26. h4 Nc5 27. Ng5 Rxd2 28. h5 Nxd3+ 29. Rxd3 Rxd3 30. hxg6 Rf3+ 31. Nxf3 Qxf3+ 32. Ke1 Qxf1+ 33. Kxf1 hxg6 34. Rxg6 Ba6 35. Kf2 Rc2 36. Kf3 Bxe2+ 37. Kg3 Kf7 38. Rg5 Bg4 39. Kh4 d3 40. e6+ Kxe6 41. Rxg7 d2 42. Rxa7 d1=Q 43. Ra6 Qh1+ 44. Kg3 Qh3# 0-1

[Event "EWCCC Online Preliminary-C 2020"]
[Site "Online"]
[Date "2020.12.19"]
[Round "3.3"]
[White "Kalaiyalahan, Akshaya"]
[Black "Johannsdottir, Johanna Bjorg"]
[Result "0-1"]
[ECO "E62"]
[WhiteElo "2149"]
[BlackElo "1935"]
[Annotator "NA"]
[PlyCount "92"]
[EventDate "2020.12.19"]
[EventType "team-tourn"]
[EventCountry "NET"]
[SourceTitle "playchess.com"]
[Source "ChessBase"]
[SourceQuality "1"]
[TimeControl "900+5"]

1. Nf3 Nf6 2. g3 g6 3. Bg2 Bg7 4. O-O O-O 5. d4 c6 6. c4 d6 7. Nc3 Qa5 8. e4 e5 9. d5 cxd5 10. cxd5 b5 11. Nd2 Nbd7 12. Nb3 Qb4 13. a3 Qc4 14. Na5 Qc7 15. Nc6 a6 16. Ne7+ Kh8 17. Nxc8 Rfxc8 18. Be3 Nb6 19. Rc1 Nc4 20. Qe2 Qd7 21. h3 a5 22. Nb1 a4 23. Nc3 Rab8 24. Na2 Ng8 25. Nb4 Ne7 26. f3 f5 27. Bf2 Bh6 28. Rcd1 fxe4 29. fxe4 Rf8 30. Kh2 Rf6 31. h4 Rbf8 32. Bh3 Qe8 33. Nd3 Nc8 34. Bg2 N8b6 35. Bg1 Nd7 36. Rxf6 Nxf6 37. g4 Bf4+ 38. Nxf4 exf4 39. Bf3 Nd7 40. Bd4+ Nde5 41. Kg2 Qe7 42. Rh1 Kg8 43. Kf1 Rc8 44. Kg2 Qd7 45. h5 Ne3+ 46. Bxe3 fxe3 0-1

[Event "EWCCC Online Preliminary-C 2020"]
[Site "Online"]
[Date "2020.12.19"]
[Round "3.3"]
[White "Gretarsdottir, Lilja"]
[Black "Head, Louise"]
[Result "1/2-1/2"]
[ECO "B17"]
[WhiteElo "1984"]
[BlackElo "2090"]
[Annotator "NA"]
[PlyCount "98"]
[EventDate "2020.12.19"]
[EventType "team-tourn"]
[EventCountry "NET"]
[SourceTitle "playchess.com"]
[Source "ChessBase"]
[SourceQuality "1"]
[TimeControl "900+5"]

1. e4 c6 2. d4 d5 3. Nc3 dxe4 4. Nxe4 Nd7 5. Nf3 Ngf6 6. Nxf6+ Nxf6 7. h3 Bf5 8. Bc4 e6 9. O-O Bd6 10. Re1 O-O 11. Bg5 h6 12. Bh4 g5 13. Bg3 Bxg3 14. fxg3 Qd6 15. Ne5 Nd7 16. c3 Nxe5 17. Rxe5 Kg7 18. g4 Bg6 19. Qf3 Rae8 20. Rae1 Qd8 21. g3 Qf6 22. Qe3 Bh7 23. Bb3 Qg6 24. Rf1 Bg8 25. Qf2 f6 26. Bc2 fxe5 27. Bxg6 Rxf2 28. Bxe8 Rxb2 29. dxe5 Rb5 30. c4 Rxe5 31. Rb1 b6 32. Bxc6 Rc5 33. Bb5 e5 34. Kf2 Bxc4 35. Bxc4 Rxc4 36. Rd1 Rc2+ 37. Ke3 Rxa2 38. Rd7+ Kf6 39. Rd6+ Kf7 40. Rxh6 b5 41. Ke4 b4 42. Kf5 Rf2+ 43. Kxe5 b3 44. Rh7+ Kg6 45. Rxa7 Rf3 46. Ra6+ Kg7 47. Ra7+ Kg6 48. Ra6+ Kg7 49. Ra7+ Kg6 1/2-1/2

[Event "EWCCC Online Preliminary-C 2020"]
[Site "Online"]
[Date "2020.12.19"]
[Round "3.4"]
[White "De Seroux, Camille"]
[Black "Broly, Mathilde"]
[Result "1-0"]
[ECO "C25"]
[WhiteElo "2137"]
[BlackElo "2150"]
[Annotator "NA"]
[PlyCount "89"]
[EventDate "2020.12.19"]
[EventType "team-tourn"]
[EventCountry "NET"]
[SourceTitle "playchess.com"]
[Source "ChessBase"]
[SourceQuality "1"]
[TimeControl "900+5"]

1. e4 e5 2. Nc3 Nc6 3. g3 Bc5 4. Bg2 d6 5. Nge2 Nge7 6. O-O Bg4 7. h3 Be6 8. Na4 Qd7 9. Kh2 g5 10. c3 Bb6 11. d4 Bc4 12. Nxb6 axb6 13. d5 Na7 14. Bxg5 Rg8 15. h4 Qg4 16. Ng1 Rxg5 17. hxg5 Qxg5 18. Re1 Bb5 19. Bh3 h5 20. Nf3 Qf6 21. a4 Bd7 22. Bxd7+ Kxd7 23. Kg2 Ng6 24. Rh1 Rg8 25. Kf1 h4 26. Nxh4 Nxh4 27. gxh4 Qf4 28. Qd3 Nc8 29. Qe3 Qg4 30. Qh3 f5 31. Qxg4 fxg4 32. Ke2 Ne7 33. Ke3 Rf8 34. Rag1 Rf3+ 35. Ke2 Rf4 36. Kd3 Rf3+ 37. Kc4 Rf4 38. Re1 Rxf2 39. h5 g3 40. h6 g2 41. Rhg1 Rxb2 42. h7 Ng6 43. Re3 c6 44. Rg3 Nf4 45. Rg7+ 1-0

[Event "EWCCC Online Preliminary-C 2020"]
[Site "Online"]
[Date "2020.12.19"]
[Round "3.4"]
[White "Moingt, Anne"]
[Black "Heinatz, Maria"]
[Result "0-1"]
[ECO "B92"]
[WhiteElo "2076"]
[BlackElo "1941"]
[Annotator "NA"]
[PlyCount "112"]
[EventDate "2020.12.19"]
[EventType "team-tourn"]
[EventCountry "NET"]
[SourceTitle "playchess.com"]
[Source "ChessBase"]
[SourceQuality "1"]
[TimeControl "900+5"]

1. e4 c5 2. Nf3 d6 3. d4 cxd4 4. Nxd4 Nf6 5. Nc3 a6 6. Be2 e5 7. Nb3 Be7 8. O-O O-O 9. Be3 Be6 10. f3 Nbd7 11. Rf2 Qc7 12. Bf1 Nc5 13. Rd2 Rfd8 14. Nxc5 dxc5 15. Nd5 Bxd5 16. exd5 c4 17. c3 Bc5 18. Bxc5 Qxc5+ 19. Kh1 Rac8 20. b3 cxb3 21. c4 bxa2 22. Raxa2 Ne8 23. Qe1 Nd6 24. Rdc2 Re8 25. Ra5 b5 26. Rxa6 bxc4 27. Ra5 Qd4 28. Ra6 Red8 29. Rd2 Qc3 30. Qd1 Ra8 31. Rda2 Rxa6 32. Rxa6 Nf5 33. d6 Ne3 34. Qe2 Nxf1 35. Qxf1 Qd4 36. h3 g6 37. Rc6 Rxd6 38. Rxd6 Qxd6 39. Qxc4 Kg7 40. Qe4 Qd4 41. Qb7 h5 42. Kh2 h4 43. Qa8 Qf4+ 44. Kg1 Qd4+ 45. Kh2 f5 46. Qe8 Qf4+ 47. Kg1 e4 48. Qe7+ Kh6 49. Qf8+ Kh5 50. Qh8+ Qh6 51. Qe5 exf3 52. gxf3 Qg5+ 53. Kf2 Qd2+ 54. Kg1 Kg5 55. Qe7+ Kf4 56. Qxh4+ Kxf3 0-1

[Event "EWCCC Online Preliminary-C 2020"]
[Site "Online"]
[Date "2020.12.19"]
[Round "3.4"]
[White "Kurapova, Olga"]
[Black "Nicoara, Malina"]
[Result "1/2-1/2"]
[ECO "B03"]
[WhiteElo "1927"]
[BlackElo "2066"]
[Annotator "NA"]
[PlyCount "110"]
[EventDate "2020.12.19"]
[EventType "team-tourn"]
[EventCountry "NET"]
[SourceTitle "playchess.com"]
[Source "ChessBase"]
[SourceQuality "1"]
[TimeControl "900+5"]

1. e4 Nf6 2. e5 Nd5 3. d4 d6 4. exd6 cxd6 5. c4 Nb6 6. Nc3 g6 7. Be3 Bg7 8. Rc1 Nc6 9. Be2 O-O 10. h4 d5 11. c5 Nc4 12. Bxc4 dxc4 13. Nge2 Bg4 14. f3 Bf5 15. Ne4 Bxe4 16. fxe4 Qa5+ 17. Nc3 Rad8 18. d5 Ne5 19. O-O Nd3 20. Rc2 Nxc5 21. Qe2 Nd3 22. h5 b5 23. a3 a6 24. Nd1 Rc8 25. Nf2 Nxf2 26. Qxf2 Qc7 27. Bd4 Bxd4 28. Qxd4 Qc5 29. Qxc5 Rxc5 30. hxg6 hxg6 31. b3 Rd8 32. Rfc1 Rdc8 33. Kf2 Kf8 34. Ke3 e5 35. dxe6 fxe6 36. bxc4 bxc4 37. Kd4 Ra5 38. Rxc4 Rxc4+ 39. Rxc4 Rxa3 40. Ke5 Ra2 41. Kxe6 Rxg2 42. Ra4 Kg7 43. Rxa6 Re2 44. e5 Re1 45. Kd6 g5 46. e6 Kf6 47. Kd7 g4 48. Rd6 g3 49. Rd3 g2 50. Rf3+ Ke5 51. e7 Rd1+ 52. Kc6 Rc1+ 53. Kd7 Rd1+ 54. Kc6 Rc1+ 55. Kd7 Rd1+ 1/2-1/2

[Event "EWCCC Online Preliminary-C 2020"]
[Site "Online"]
[Date "2020.12.19"]
[Round "5.1"]
[White "Hrenic, Misa"]
[Black "Obolentseva, Alexandra"]
[Result "0-1"]
[ECO "B91"]
[WhiteElo "2020"]
[BlackElo "2305"]
[Annotator "NA"]
[PlyCount "76"]
[EventDate "2020.12.19"]
[EventType "team-tourn"]
[EventCountry "NET"]
[SourceTitle "playchess.com"]
[Source "ChessBase"]
[SourceQuality "1"]
[TimeControl "900+5"]

1. e4 c5 2. Nf3 d6 3. d4 cxd4 4. Nxd4 Nf6 5. Nc3 a6 6. g3 e5 7. Nb3 b5 8. a3 Bb7 9. Bg2 Be7 10. O-O O-O 11. Qe2 Nbd7 12. Bg5 Rc8 13. Rfd1 Qc7 14. Bxf6 Nxf6 15. Rd3 Qb6 16. Rad1 a5 17. Nb1 Rc4 18. Rc3 Rfc8 19. N3d2 Rxc3 20. bxc3 Ba6 21. Qd3 Nd7 22. Qd5 Nc5 23. Nb3 Bb7 24. Qd2 Nxe4 25. Qe1 Nc5 26. Nxc5 Rxc5 27. Bxb7 Qxb7 28. Rd3 Qc6 29. Qe3 f5 30. f3 Bd8 31. Kh1 h6 32. Qd2 d5 33. Qe1 e4 34. fxe4 fxe4 35. Rd2 Bf6 36. Rf2 d4 37. Kg1 dxc3 38. Qe3 Rd5 0-1

[Event "EWCCC Online Preliminary-C 2020"]
[Site "Online"]
[Date "2020.12.19"]
[Round "5.1"]
[White "Heric, Meta"]
[Black "Schoene, Maria"]
[Result "0-1"]
[ECO "B23"]
[WhiteElo "1318"]
[BlackElo "2204"]
[Annotator "NA"]
[PlyCount "86"]
[EventDate "2020.12.19"]
[EventType "team-tourn"]
[EventCountry "NET"]
[SourceTitle "playchess.com"]
[Source "ChessBase"]
[SourceQuality "1"]
[TimeControl "900+5"]

1. e4 c5 2. Nc3 Nc6 3. f4 d6 4. Nf3 g6 5. Bb5 Bg7 6. Bxc6+ bxc6 7. O-O e6 8. d3 Ne7 9. Qe1 O-O 10. Qg3 f5 11. e5 d5 12. Qh3 d4 13. Ne2 Nd5 14. g4 Qe7 15. c3 Ba6 16. c4 Ne3 17. Bxe3 dxe3 18. Qg3 Rfd8 19. Rad1 Rd7 20. h4 Rad8 21. h5 fxg4 22. Qxg4 gxh5 23. Qxh5 Bxc4 24. Nc1 Bxd3 25. Nxd3 e2 26. f5 exf5 27. Qxf5 exf1=Q+ 28. Kxf1 c4 29. e6 Rxd3 30. Rxd3 cxd3 31. Ng5 Rf8 32. Nf7 Rxf7 33. exf7+ Qxf7 34. Qxf7+ Kxf7 35. Ke1 Bxb2 36. Kd2 h5 37. Kxd3 h4 38. Ke2 h3 39. Kf2 c5 40. Kg3 c4 41. Kxh3 c3 42. Kg3 c2 43. Kf3 c1=Q 0-1

[Event "EWCCC Online Preliminary-C 2020"]
[Site "Online"]
[Date "2020.12.19"]
[Round "5.2"]
[White "Houska, Jovanka"]
[Black "Hoang, Thanh Trang"]
[Result "0-1"]
[ECO "A90"]
[WhiteElo "2381"]
[BlackElo "2404"]
[Annotator "NA"]
[PlyCount "46"]
[EventDate "2020.12.19"]
[EventType "team-tourn"]
[EventCountry "NET"]
[SourceTitle "playchess.com"]
[Source "ChessBase"]
[SourceQuality "1"]
[TimeControl "900+5"]

1. d4 e6 2. Nf3 f5 3. g3 Nf6 4. Bg2 d5 5. O-O Bd6 6. c4 c6 7. Bf4 Bxf4 8. gxf4 O-O 9. e3 Qe7 10. Nc3 Nbd7 11. c5 b6 12. b4 Ba6 13. Re1 Ne4 14. Qc2 Bc4 15. Na4 a5 16. Nb2 axb4 17. Nxc4 dxc4 18. Qxc4 bxc5 19. dxc5 Ndxc5 20. Rac1 Ra4 21. Ne5 b3 22. Nxc6 Qb7 23. Qxe6+ Nxe6 0-1

[Event "EWCCC Online Preliminary-C 2020"]
[Site "Online"]
[Date "2020.12.19"]
[Round "5.4"]
[White "Gretarsdottir, Lilja"]
[Black "Kurapova, Olga"]
[Result "1-0"]
[ECO "C50"]
[WhiteElo "1984"]
[BlackElo "1927"]
[Annotator "NA"]
[PlyCount "75"]
[EventDate "2020.12.19"]
[EventType "team-tourn"]
[EventCountry "NET"]
[SourceTitle "playchess.com"]
[Source "ChessBase"]
[SourceQuality "1"]
[TimeControl "900+5"]

1. e4 e5 2. Nf3 Nc6 3. Bc4 Bc5 4. d3 Nf6 5. Bg5 h6 6. Bh4 g5 7. Bg3 d6 8. h3 Qe7 9. O-O Be6 10. Nbd2 O-O-O 11. c3 a6 12. b4 Ba7 13. a4 Bxc4 14. Nxc4 g4 15. hxg4 Nxg4 16. b5 Nb8 17. Qb3 h5 18. Bh4 f6 19. Rab1 Bb6 20. a5 Bc5 21. bxa6 Kd7 22. axb7 Rhg8 23. d4 exd4 24. cxd4 Ba7 25. Qb5+ Nc6 26. d5 Qg7 27. Qxc6+ Ke7 28. g3 Bb8 29. a6 Nh6 30. Ra1 Ba7 31. Qxc7+ Rd7 32. Qc6 Qg4 33. Bxf6+ Kxf6 34. Nh2 Qh3 35. Nb6 Rxg3+ 36. fxg3+ Ke5 37. Ra3 Rg7 38. Rff3 1-0

[Event "EWCCC Online Preliminary-C 2020"]
[Site "Online"]
[Date "2020.12.19"]
[Round "5.4"]
[White "Heinatz, Maria"]
[Black "Johannsdottir, Johanna Bjorg"]
[Result "0-1"]
[ECO "B27"]
[WhiteElo "1941"]
[BlackElo "1935"]
[Annotator "NA"]
[PlyCount "122"]
[EventDate "2020.12.19"]
[EventType "team-tourn"]
[EventCountry "NET"]
[SourceTitle "playchess.com"]
[Source "ChessBase"]
[SourceQuality "1"]
[TimeControl "900+5"]

1. e4 c5 2. Nf3 g6 3. d4 cxd4 4. Qxd4 Nf6 5. Nc3 Nc6 6. Qa4 Bg7 7. e5 Ng8 8. Bf4 Nh6 9. Bd3 O-O 10. O-O-O a6 11. h3 Qb6 12. g4 Qxf2 13. Rdf1 Qc5 14. a3 d6 15. Ne4 Qb6 16. c3 Nxe5 17. Nxe5 dxe5 18. Bd2 Be6 19. Ng5 Bd5 20. Rh2 f6 21. Ne4 Nf7 22. h4 Rad8 23. Qd1 Bb3 24. Qe2 Nd6 25. Be3 Qc6 26. Nc5 Bf7 27. h5 e4 28. Bc2 Bc4 29. Qf2 Bxf1 30. Qxf1 Nf7 31. hxg6 hxg6 32. Qh3 Rfe8 33. Bxe4 Qd6 34. Qh7+ Kf8 35. Rd2 Qe5 36. Bd4 Rxd4 37. cxd4 Qd6 38. Bxg6 Ng5 39. Qh1 b6 40. Ne4 Rc8+ 41. Kb1 Qf4 42. Nxg5 Qxg5 43. Qg2 Qxg6+ 44. Ka1 Rc1+ 45. Ka2 Qf7+ 46. b3 Qg6 47. Qa8+ Qe8 48. Qxa6 Qc6 49. Qa7 Bh6 50. Re2 Rc2+ 51. Rxc2 Qxc2+ 52. Ka1 Qc1+ 53. Ka2 Qd2+ 54. Ka1 Qxd4+ 55. Ka2 Bc1 56. Qb8+ Kg7 57. Qh2 Qxg4 58. Qc2 Qg5 59. Kb1 Bxa3 60. Ka2 Bb4 61. Qf2 Qd2+ 0-1

[Event "EWCCC Online Preliminary-C 2020"]
[Site "Online"]
[Date "2020.12.19"]
[Round "6.1"]
[White "Thorsteinsdottir, Hallgerdur"]
[Black "Hrenic, Misa"]
[Result "1-0"]
[ECO "C54"]
[WhiteElo "2009"]
[BlackElo "2020"]
[Annotator "ChessBase"]
[PlyCount "111"]
[EventDate "2020.12.19"]
[EventType "team-tourn"]
[EventCountry "NET"]
[SourceTitle "playchess.com"]
[Source "ChessBase"]
[SourceQuality "1"]
[TimeControl "900+5"]

1. e4 e5 2. Nf3 Nc6 3. Bc4 Bc5 4. c3 Nf6 5. d3 d6 6. Nbd2 a6 7. Bb3 Ba7 8. Nf1 h6 9. Ng3 O-O 10. O-O Re8 11. h3 Be6 12. Re1 d5 13. Nh4 dxe4 14. Nxe4 Nxe4 15. Rxe4 Bxb3 16. axb3 Qf6 17. Nf3 Rad8 18. Qe2 Re6 19. Raa4 Qe7 20. Nh4 Qd7 21. Be3 Qxd3 22. Bxa7 Qxe2 23. Rxe2 Nxa7 24. Nf5 Kh7 25. Rg4 g6 26. Ne3 Nc6 27. Nc4 f5 28. Rg3 e4 29. f3 Rde8 30. fxe4 Rxe4 31. Rxe4 Rxe4 32. Rd3 Re7 33. Kf2 Kg7 34. Ne3 Ne5 35. Rd5 c6 36. Rd8 Rd7 37. Re8 Nd3+ 38. Kf3 Nxb2 39. Kf4 Nd3+ 40. Kf3 Nc5 41. b4 Ne4 42. c4 Nd6 43. Rb8 Ne4 44. g4 Ng5+ 45. Kf4 Nxh3+ 46. Kg3 Ng5 47. gxf5 Ne4+ 48. Kf4 Nf6 49. fxg6 Kxg6 50. Nf5 h5 51. Rh8 Rh7 52. Nh4+ Kf7 53. Rb8 Ke6 54. Nf3 Kd7 55. Rxb7+ Ke6 56. Ng5+ 1-0

[Event "EWCCC Online Preliminary-C 2020"]
[Site "Online"]
[Date "2020.12.19"]
[Round "6.1"]
[White "Gretarsdottir, Lilja"]
[Black "Drevensek, Doroteja"]
[Result "1-0"]
[ECO "C41"]
[WhiteElo "1984"]
[BlackElo "1385"]
[Annotator "NA"]
[PlyCount "103"]
[EventDate "2020.12.19"]
[EventType "team-tourn"]
[EventCountry "NET"]
[SourceTitle "playchess.com"]
[Source "ChessBase"]
[SourceQuality "1"]
[TimeControl "900+5"]

1. e4 d6 2. d4 Nf6 3. Nc3 Nbd7 4. Nf3 e5 5. Bc4 Be7 6. O-O O-O 7. a3 c6 8. Ba2 b5 9. Re1 Qc7 10. h3 a6 11. Bg5 h6 12. Bh4 Bb7 13. Qd2 Rfe8 14. Rad1 c5 15. dxe5 Nxe5 16. Nxe5 dxe5 17. Bg3 Rad8 18. Nd5 Nxd5 19. Bxd5 Bg5 20. Qe2 Bf6 21. c4 Qb6 22. Qh5 Bxd5 23. cxd5 c4 24. Re2 Qd6 25. Rc2 Rc8 26. Qg4 Rc5 27. Kh1 Rec8 28. f4 a5 29. Qf5 g6 30. fxe5 gxf5 31. exd6 Rd8 32. e5 Bg7 33. Bf2 Rcc8 34. Bh4 Rd7 35. Bg3 b4 36. axb4 axb4 37. e6 fxe6 38. dxe6 Ra7 39. d7 Rca8 40. d8=Q+ Rxd8 41. Rxd8+ Kh7 42. Rxc4 Bxb2 43. Rxb4 Bg7 44. Rd7 Ra1+ 45. Kh2 Ra8 46. Rbb7 Re8 47. Rxg7+ Kh8 48. Be5 Rxe6 49. Rge7+ Kg8 50. Rxe6 f4 51. Ra6 f3 52. Ra8# 1-0